 Dungeon Crawl Stone Soup version 0.30.0-29-ga12c61a403 (webtiles) character file.

Game seed: 11859251254420686241

25061 qw the Cleaver (level 13, -1/80 HPs)
             Began as a Gargoyle Fighter on June 4, 2023.
             Was a High Priest of Okawaru.
             Killed by divine providence
             ... invoked by a meliai
              (15 damage)
             ... on level 4 of the Lair of Beasts.
             The game lasted 00:05:23 (11737 turns).

qw the Cleaver (Gargoyle Fighter)                  Turns: 11737, Time: 00:05:24

Health: -1/80      AC: 37    Str: 25    XL:     13   Next: 17%
Magic:  19/20      EV:  9    Int:  9    God:    Okawaru [*****.]
Gold:   864        SH: 13    Dex: 12    Spells: 12/12 levels left

rFire   . . .        e - +5 war axe (spect)
rCold   . . .        a - +0 kite shield
rNeg    + . .        m - +3 plate armour
rPois   inf          n - +0 helmet
rElec   +            h - +0 cloak
rCorr   .            u - +2 pair of gloves {Dex+3}
SInv    .            p - +0 pair of boots
Will    .....        (no amulet) Stlth
                     (no ring)
HPRegen 0.33/turn    (no ring)
MPRegen 0.17/turn

%: no passive effects
@: about to teleport, heroic
A: sickness immunity, AC +9, negative energy resistance 1, electricity
resistance, torment resistance 1, petrification resistance
a: Renounce Religion, Heroism, Finesse, Duel


You were on level 4 of the Lair of Beasts.
You worshipped Okawaru.
Okawaru was extremely pleased with you.
You visited 3 branches of the dungeon, and saw 14 of its levels.

You collected 945 gold pieces.
You spent 81 gold pieces at shops.


Innate Abilities, Weirdness & Mutations

You are immune to sickness and miasma.
Your stone body is resilient. (AC +9)
You are immune to poison.
You resist negative energy. (rN+)
You are resistant to electric shocks. (rElec)
You are resistant to unholy torment.
You are immune to petrification.


   Skills:
 + Level 9.6(14.6) Fighting
 - Level 12.0(17.0) Axes
 - Level 4.0(9.0) Throwing
 - Level 9.0(14.0) Armour
 - Level 2.0(7.0) Dodging
 - Level 10.6(15.6) Shields
 - Level 10.0 Invocations


You had 12 spell levels left.
You didn't know any spells.
Your spell library was empty.

Inventory:

Hand Weapons
 c - a +6 war axe of freezing
 e - a +5 spectral war axe (weapon)
 q - a +0 morningstar
Missiles
 x - 4 javelins
 y - a silver javelin (quivered)
Armour
 a - a +0 kite shield (worn)
 h - a +0 cloak (worn)
 m - a +3 plate armour (worn)
 n - a +0 helmet (worn)
 p - a +0 pair of boots (worn)
 u - a +2 pair of gloves of dexterity (worn)
Jewellery
 f - a ring of fire
Wands
 b - a wand of digging (11)
Scrolls
 g - 4 scrolls of teleportation
 l - a scroll of noise {unknown}
 o - 7 scrolls of identify
Potions
 d - 6 potions of might
 i - 2 potions of attraction
 j - 8 potions of curing
 k - 2 potions of cancellation
 r - a potion of mutation
 s - 2 potions of haste
 t - a potion of magic
 v - a potion of lignification {unknown}
 w - a potion of resistance {unknown}

Dungeon Overview and Level Annotations

Branches:
Dungeon (9/15)             Temple (1/1) D:6            Lair (4/5) D:9
 Shoals (0/4) Lair:2        Snake (0/4) Lair:3
  Slime: Lair:4-5       Orc: D:9-12

Altars:
Ashenzari
Cheibriados
Dithmenos
Elyvilon
Fedhas
Gozag
Kikubaaqudgha
Makhleb
Nemelex Xobeh
Okawaru
Qazlal
Ru
Sif Muna
Trog
Uskayaw
Vehumet
Wu Jian
Xom
Zin
The Shining One

Shops:
D:2 [   D:3 (   D:4 (   D:8 *

Annotations:
D:6 1 runed translucent door, Crazy Yiuf
D:7 1 runed translucent door, qw's ghost, novice GrFi


Message History

You barely miss the meliai.
The meliai is lightly wounded.
Your +5 spectral war axe hits the meliai!!
Your +5 spectral war axe hits the killer bee.
The meliai invokes the aid of its god against you.
Something smites you!
The killer bee stings your +5 spectral war axe.
The meliai hits your +5 spectral war axe with a +0 hand axe!
Your spectral weapon shares its damage with you!
The meliai barely misses you.
The meliai stings your +5 spectral war axe but does no damage.
The killer bee closely misses your +5 spectral war axe.
You barely miss the meliai.
The meliai is almost dead.
Your +5 spectral war axe hits the meliai.
Your +5 spectral war axe hits the killer bee!
You kill the killer bee!
Okawaru accepts your kill.
The meliai completely misses your +5 spectral war axe.
The meliai hits you but does no damage.
The meliai stings your +5 spectral war axe!
Your +5 spectral war axe disappears.
You strike the helpless meliai from behind!
You hit the meliai.
The meliai is almost dead.
You hit the killer bee.
Your +5 spectral war axe closely misses the meliai.
Your +5 spectral war axe hits the killer bee!
You kill the killer bee!
Okawaru accepts your kill. The meliai hits you with a +0 hand axe!
The meliai stings you but does no damage.
You block the meliai's attack. x2
11737 ||| READING 5 scrolls of teleportation.
As you read the scroll of teleportation, it crumbles to dust.
You feel strangely unstable.
Your +5 spectral war axe disappears.
The meliai mumbles some strange prayers to its god against you.
Something smites you!
You die...

..######....# #..
..#.#.......#P.....#..##
.............P..........
........................
.....%..................
......................
....................
....###.#######.%%##
......#.# #..@#.####
......... #..)y....#
.#P....... ##...%..(...
####....... #...####.##.
### ......###...# !# .P#
##P... ##...# # .##
#..###....# ..##
#.#....# ...## ##....P#


You could see a meliai.

Vanquished Creatures
  Kirke (Lair:3)
  A hydra (Lair:2)
  3 death yaks (Lair:2)
  6 elephants (Lair:2)
  7 black mambas
  4 cane toads
  3 komodo dragons
  4 rime drakes
  A meliai (Lair:4)
  A troll (D:9)
  A polar bear (Lair:4)
  15 blink frogs
  4 dream sheep (Lair:3)
  4 wyverns
  7 hogs (Lair:3)
  2 basilisks (D:9)
  6 yaks (Lair:2)
  2 steam dragons (D:9)
  Menkaure (D:6)
  3 nagas (Lair:3)
  Edmund (D:6)
  12 water moccasins
  A swamp drake (D:9)
  2 ice beasts (D:6)
  2 orc warriors
  4 sky beasts (D:7)
  2 black bears (D:5)
  3 ogres
  9 centaurs
  6 wolves (Lair:3)
  A kobold brigand (D:7)
  8 bullfrogs
  3 scorpions
  A gnoll sergeant (D:9)
  12 wights
  21 killer bees (Lair:4)
  2 howler monkeys
  An electric eel (Lair:1)
  3 hounds
  2 jellies
  3 orc priests
  2 sleepcaps
  Natasha (thrice) (D:3)
  2 iguanas (D:5)
  6 orc wizards
  Robin (D:2)
  8 gnolls
  10 adders
  A shadow imp (D:8)
  A white imp (D:6)
  An ufetubus (D:5)
  4 dart slugs
  A worm (D:2)
  25 orcs
  7 ball pythons
  9 bats
  4 endoplasms
  5 giant cockroaches
  13 hobgoblins
  10 jackals
  7 quokkas
  5 frilled lizards
  9 goblins
  13 kobolds
  2 rats (D:1)
324 creatures vanquished.

Vanquished Creatures (others)
  A spectral weapon (Lair:4)
1 creature vanquished.

Grand Total: 325 creatures vanquished

Notes
Turn   | Place    | Note
-------+----------+-------------------------------------------
     0 | D:1      | qw the Gargoyle Fighter began the quest for the Orb.
     0 | D:1      | Reached XP level 1. HP: 14/14 MP: 1/1
     0 | D:1      | 0 ||| qw: Version: 0.2-a-107-g4668610
     0 | D:1      | 0 ||| qw: Game counter: 1241
     0 | D:1      | 0 ||| qw: Always use a shield: true
     0 | D:1      | 0 ||| qw: God list: Okawaru
     0 | D:1      | 0 ||| qw: Allow faded altars: false
     0 | D:1      | 0 ||| qw: Do Orc after D:15 true
     0 | D:1      | 0 ||| qw: Do second Lair branch before Depths: true
     0 | D:1      | 0 ||| qw: Lair rune preference: random
     0 | D:1      | 0 ||| qw: Plans: Normal, Zot:1-4, Slime:5, God:TSO, Crypt,
                  | Tomb, Abyss, Pan, Hells, Win
     0 | D:1      | 0 ||| PLANNING D:1-11
    50 | D:1      | Reached skill level 2 in Axes
    77 | D:1      | 77 ||| Stepping ~*~*~tactically~*~*~ (stealth).
    85 | D:1      | Reached XP level 2. HP: 19/19 MP: 2/2
   309 | D:1      | Reached skill level 3 in Axes
   433 | D:1      | Reached XP level 3. HP: 21/23 MP: 3/3
   809 | D:1      | 809 ||| UPGRADING to +0 pair of gloves.
   814 | D:1      | 814 ||| DROPPING ring of wizardry.
   815 | D:1      | 815 ||| READING scroll labelled FUISA EDGHUU.
   816 | D:1      | 816 ||| READING scroll labelled ZOUWKU LUBBUIWK.
   819 | D:1      | 819 ||| DRINKING 2 ruby potions.
   931 | D:2      | 931 ||| Stepping ~*~*~tactically~*~*~ (stealth).
   989 | D:2      | Reached XP level 4. HP: 28/28 MP: 4/4
  1039 | D:2      | Reached skill level 4 in Axes
  1059 | D:2      | 1059 ||| Stepping ~*~*~tactically~*~*~ (stealth).
  1094 | D:2      | 1094 ||| Stepping ~*~*~tactically~*~*~ (hiding).
  1256 | D:2      | Found Boef's Antique Armour Shoppe.
  1265 | D:2      | 1265 ||| SHOPLISTING dazzling chain mail (171 gold, have
                  | 82).
  1265 | D:2      | 1265 ||| SHOPLISTING embroidered scarf (144 gold, have 82).
  1265 | D:2      | 1265 ||| SHOPLISTING glowing kite shield (135 gold, have
                  | 82).
  1265 | D:2      | 1265 ||| SHOPLISTING glowing scale mail (126 gold, have
                  | 82).
  1265 | D:2      | 1265 ||| BUYING helmet (81 gold).
  1265 | D:2      | Bought a helmet for 81 gold pieces
  1489 | D:2      | 1489 ||| Stepping ~*~*~tactically~*~*~ (stealth).
  1496 | D:2      | 1496 ||| Stepping ~*~*~tactically~*~*~ (stealth).
  1498 | D:2      | Noticed Robin
  1499 | D:2      | 1499 ||| Stepping ~*~*~tactically~*~*~ (stealth).
  1506 | D:2      | Killed Robin
  1653 | D:2      | 1653 ||| UPGRADING to +0 helmet.
  1658 | D:2      | 1658 ||| READING scroll labelled PIALUH LYDDOD.
  1659 | D:2      | 1659 ||| READING scroll labelled HUARHU ZUGHIEB.
  1660 | D:2      | 1660 ||| READING scroll labelled SUYCUD XA KOAHI.
  1661 | D:2      | 1661 ||| DRINKING 2 clear potions.
  1662 | D:2      | 1662 ||| DRINKING 2 red potions.
  1663 | D:2      | 1663 ||| DROPPING potion of brilliance.
  1705 | D:3      | Noticed Natasha
  1712 | D:3      | Killed Natasha
  1713 | D:3      | Reached skill level 1 in Throwing
  1713 | D:3      | Reached XP level 5. HP: 30/32 MP: 5/5
  1746 | D:3      | 1746 ||| DROPPING +0 club.
  1845 | D:3      | Noticed Natasha
  1846 | D:3      | 1846 ||| Stepping ~*~*~tactically~*~*~ (stealth).
  1849 | D:3      | 1849 ||| Stepping ~*~*~tactically~*~*~ (stealth).
  1853 | D:3      | Killed Natasha
  1955 | D:3      | Noticed Natasha
  1966 | D:3      | Killed Natasha
  1967 | D:3      | Reached skill level 5 in Axes
  2206 | D:3      | Found Giotes's Antique Weapon Shop.
  2214 | D:3      | 2214 ||| SHOPLISTING flail (87 gold, have 60).
  2324 | D:3      | 2324 ||| UPGRADING to +0 kite shield.
  2334 | D:3      | 2334 ||| DROPPING +0 buckler.
  2335 | D:3      | 2335 ||| READING scroll labelled BIDEDW ZIQA.
  2335 | D:3      | Identified a scroll of acquirement
  2335 | D:3      | 2335 ||| ACQUIRING +6 war axe of freezing
  2335 | D:3      | Acquired a +6 war axe of freezing
  2361 | D:4      | 2361 ||| Stepping ~*~*~tactically~*~*~ (hiding).
  2362 | D:4      | 2362 ||| Stepping ~*~*~tactically~*~*~ (hiding).
  2373 | D:4      | Found Myt Weco's Firing Range.
  2385 | D:4      | Reached XP level 6. HP: 37/37 MP: 6/6
  2473 | D:4      | 2473 ||| Stepping ~*~*~tactically~*~*~ (stealth).
  2506 | D:4      | You fall into a shaft and drop 1 floor!
  2506 | D:5      | Entered Level 5 of the Dungeon
  2525 | D:5      | 2525 ||| DROPPING +0 whip.
  2583 | D:5      | Noticed a black bear
  2592 | D:5      | Killed a black bear
  2600 | D:5      | Reached XP level 7. HP: 31/42 MP: 7/7
  2855 | D:5      | Reached skill level 1 in Dodging
  3051 | D:5      | 3051 ||| UPGRADING to +0 chain mail.
  3061 | D:5      | 3061 ||| DROPPING +0 scale mail.
  3062 | D:5      | 3062 ||| UPGRADING to +0 pair of boots.
  3067 | D:5      | 3067 ||| READING scroll labelled URUERY YVEDIP.
  3068 | D:5      | 3068 ||| READING 3 scrolls of identify.
  3068 | D:5      | 3068 ||| IDENTIFYING fuming sapphire potion
  3069 | D:5      | 3069 ||| READING 2 scrolls of identify.
  3069 | D:5      | 3069 ||| IDENTIFYING white potion
  3070 | D:5      | 3070 ||| DROPPING potion of flight.
  3206 | D:4      | 3206 ||| Stepping ~*~*~tactically~*~*~ (hiding).
  3207 | D:4      | 3207 ||| Stepping ~*~*~tactically~*~*~ (hiding).
  3208 | D:4      | 3208 ||| Stepping ~*~*~tactically~*~*~ (hiding).
  3209 | D:4      | 3209 ||| Stepping ~*~*~tactically~*~*~ (hiding).
  3327 | D:4      | 3327 ||| READING scroll of enchant weapon.
  3327 | D:4      | 3327 ||| ENCHANTING +1 spectral war axe.
  3397 | D:4      | Found a burning altar of Makhleb.
  3511 | D:4      | Reached skill level 6 in Axes
  3535 | D:4      | 3535 ||| READING scroll of enchant weapon.
  3535 | D:4      | 3535 ||| ENCHANTING +2 spectral war axe.
  3672 | D:5      | 3672 ||| Stepping ~*~*~tactically~*~*~ (stealth).
  3719 | D:5      | Reached skill level 6 in Shields
  3719 | D:5      | Reached XP level 8. HP: 46/48 MP: 8/8
  3729 | D:5      | Identified the +11 long sword of Responsibility {spect,
                  | SInv}
  3856 | D:5      | 3856 ||| Stepping ~*~*~tactically~*~*~ (stealth).
  3857 | D:5      | 3857 ||| Stepping ~*~*~tactically~*~*~ (stealth).
  3858 | D:5      | 3858 ||| Stepping ~*~*~tactically~*~*~ (stealth).
  3859 | D:5      | 3859 ||| Stepping ~*~*~tactically~*~*~ (stealth).
  4142 | D:5      | 4142 ||| UPGRADING to +0 plate armour.
  4152 | D:5      | 4152 ||| DROPPING +0 chain mail.
  4153 | D:5      | 4153 ||| READING scroll labelled WAAGE KOANEMYV.
  4184 | D:6      | Found a staircase to the Ecumenical Temple.
  4185 | D:6      | 4185 ||| PLANNING TEMPLE
  4219 | Temple   | Entered the Ecumenical Temple
  4393 | Temple   | 4393 ||| PLANNING D:1-11
  4449 | D:6      | Reached skill level 7 in Axes
  4536 | D:6      | Found a runed translucent door.
  4537 | D:6      | Noticed Crazy Yiuf
  4604 | D:6      | 4604 ||| Stepping ~*~*~tactically~*~*~ (stealth).
  4768 | D:6      | 4768 ||| FLEEEEING.
  4769 | D:6      | 4769 ||| FLEEEEING.
  4769 | D:6      | Found a white marble altar of Elyvilon.
  4770 | D:6      | 4770 ||| FLEEEEING.
  4771 | D:6      | 4771 ||| FLEEEEING.
  4772 | D:6      | 4772 ||| Stepping ~*~*~tactically~*~*~ (stealth).
  4856 | D:6      | Noticed Menkaure
  4857 | D:6      | 4857 ||| Stepping ~*~*~tactically~*~*~ (hiding).
  4869 | D:6      | Reached XP level 9. HP: 43/54 MP: 9/9
  4871 | D:6      | Killed Menkaure
  5093 | D:6      | Found an ancient bone altar of Kikubaaqudgha.
  5094 | D:6      | Found an iron altar of Okawaru.
  5095 | D:6      | 5095 ||| PLANNING OKAWARU WORSHIP
  5095 | D:6      | 5095 ||| READING scroll labelled XYID KEHAOJES.
  5096 | D:6      | 5096 ||| READING 2 scrolls of identify.
  5096 | D:6      | 5096 ||| IDENTIFYING pink potion
  5097 | D:6      | 5097 ||| DROPPING potion of invisibility.
  5100 | D:6      | Found a shimmering altar of Xom.
  5102 | D:6      | Found a sacrificial altar of Ru.
  5102 | D:6      | Found an ornate altar of the Wu Jian Council.
  5102 | D:6      | Found a hide-covered altar of Uskayaw.
  5106 | D:6      | Found a shimmering blue altar of Sif Muna.
  5110 | D:6      | Became a worshipper of Warmaster Okawaru
  5110 | D:6      | 5110 ||| PLANNING D:1-11
  5201 | D:6      | Found a glowing golden altar of the Shining One.
  5201 | D:6      | Found a snail-covered altar of Cheibriados.
  5248 | D:6      | Noticed Edmund
  5258 | D:6      | Killed Edmund
  5453 | D:7      | Reached skill level 8 in Axes
  5514 | D:7      | Reached skill level 6 in Fighting
  5542 | D:7      | Identified the +1 sling of Ubla {flame, rC- Int+5}
  5610 | D:7      | Found a runed translucent door.
  5612 | D:7      | Noticed qw's ghost (novice GrFi)
  5721 | D:7      | 5721 ||| Stepping ~*~*~tactically~*~*~ (hiding).
  5888 | D:7      | 5888 ||| Stepping ~*~*~tactically~*~*~ (hiding).
  6036 | D:7      | Reached * piety under Okawaru
  6121 | D:7      | Reached skill level 1 in Invocations
  6124 | D:7      | Identified the +2 robe of Pandemonium {rF++ Dex+3}
  6131 | D:7      | 6131 ||| READING scroll of enchant weapon.
  6131 | D:7      | 6131 ||| ENCHANTING +3 spectral war axe.
  6449 | D:7      | 6449 ||| UPGRADING to +3 plate armour.
  6459 | D:7      | 6459 ||| DROPPING +0 plate armour.
  6460 | D:7      | 6460 ||| READING scroll labelled RIQOOFF ISIUD.
  6517 | D:8      | 6517 ||| DRINKING 3 potions of curing.
  6517 | D:8      | 6517 ||| (to cure confusion)
  6705 | D:8      | 6705 ||| READING scroll of acquirement.
  6705 | D:8      | 6705 ||| ACQUIRING +2 pair of gloves of dexterity
  6705 | D:8      | Acquired a +2 pair of gloves of dexterity
  6707 | D:8      | 6707 ||| UPGRADING to +2 pair of gloves of dexterity.
  6717 | D:8      | 6717 ||| DROPPING +0 pair of gloves.
  6767 | D:8      | Found Veupah's CLEARANCE SALE!.
  6785 | D:8      | Reached skill level 3 in Invocations
  6785 | D:8      | Reached XP level 10. HP: 60/60 MP: 10/12
  6855 | D:8      | Reached skill level 9 in Axes
  6941 | D:8      | 6941 ||| DRINKING 2 black potions.
  6942 | D:8      | 6942 ||| READING 2 scrolls of identify.
  6942 | D:8      | 6942 ||| IDENTIFYING fizzy coppery potion
  6943 | D:8      | 6943 ||| DROPPING potion of berserk rage.
  6961 | D:9      | 6961 ||| INVOKING Heroism.
  6979 | D:9      | Reached skill level 6 in Armour
  6979 | D:9      | 6979 ||| Stepping ~*~*~tactically~*~*~ (hiding).
  6984 | D:9      | 6984 ||| INVOKING Heroism.
  7192 | D:9      | 7192 ||| Stepping ~*~*~tactically~*~*~ (hiding).
  7193 | D:9      | 7193 ||| Stepping ~*~*~tactically~*~*~ (hiding).
  7195 | D:9      | 7195 ||| Stepping ~*~*~tactically~*~*~ (hiding).
  7212 | D:9      | 7212 ||| Stepping ~*~*~tactically~*~*~ (hiding).
  7219 | D:9      | 7219 ||| READING 3 scrolls of identify.
  7219 | D:9      | 7219 ||| IDENTIFYING murky white potion
  7289 | D:9      | 7289 ||| INVOKING Heroism.
  7551 | D:9      | 7551 ||| INVOKING Heroism.
  7558 | D:9      | Reached ** piety under Okawaru
  7588 | D:9      | 7588 ||| Stepping ~*~*~tactically~*~*~ (hiding).
  7589 | D:9      | 7589 ||| Stepping ~*~*~tactically~*~*~ (hiding).
  7615 | D:9      | Reached skill level 9 in Shields
  7658 | D:9      | 7658 ||| INVOKING Heroism.
  7732 | D:9      | Found a staircase to the Lair.
  7734 | D:9      | 7734 ||| Stepping ~*~*~tactically~*~*~ (hiding).
  8003 | D:9      | 8003 ||| PLANNING LAIR
  8003 | D:9      | 8003 ||| READING scroll labelled PORUUROANN.
  8004 | D:9      | 8004 ||| READING scroll labelled PODUARUKKI.
  8005 | D:9      | 8005 ||| READING 3 scrolls of identify.
  8005 | D:9      | 8005 ||| IDENTIFYING fizzy purple potion
  8006 | D:9      | 8006 ||| DROPPING potion of degeneration.
  8097 | Lair:1   | Entered Level 1 of the Lair of Beasts
  8100 | Lair:1   | 8100 ||| INVOKING Heroism.
  8113 | Lair:1   | Reached skill level 10 in Axes
  8114 | Lair:1   | Noticed a black mamba
  8115 | Lair:1   | 8115 ||| INVOKING Heroism.
  8120 | Lair:1   | Killed a black mamba
  8120 | Lair:1   | Reached *** piety under Okawaru
  8121 | Lair:1   | Reached XP level 11. HP: 38/67 MP: 11/14
  8346 | Lair:1   | 8346 ||| INVOKING Heroism.
  8395 | Lair:1   | 8395 ||| INVOKING Heroism.
  8412 | Lair:1   | 8412 ||| INVOKING Heroism.
  8497 | Lair:1   | 8497 ||| INVOKING Heroism.
  8572 | Lair:1   | 8572 ||| INVOKING Heroism.
  8589 | Lair:1   | Reached skill level 11 in Axes
  8806 | Lair:1   | 8806 ||| UPGRADING to +0 cloak.
  8824 | Lair:2   | 8824 ||| PLANNING GAUNTLET
  8836 | Lair:2   | 8836 ||| INVOKING Heroism.
  8902 | Lair:2   | Noticed a six-headed hydra
  8903 | Lair:2   | 8903 ||| INVOKING Heroism.
  8908 | Lair:2   | 8908 ||| SWAPPING to +0 morningstar.
  8918 | Lair:2   | Killed a six-headed hydra
  8919 | Lair:2   | 8919 ||| SWAPPING to +4 spectral war axe.
  9009 | Lair:2   | Noticed a death yak
  9010 | Lair:2   | 9010 ||| Stepping ~*~*~tactically~*~*~ (stealth).
  9011 | Lair:2   | 9011 ||| Stepping ~*~*~tactically~*~*~ (stealth).
  9012 | Lair:2   | 9012 ||| Stepping ~*~*~tactically~*~*~ (stealth).
  9013 | Lair:2   | Noticed a death yak
  9013 | Lair:2   | Noticed a death yak
  9014 | Lair:2   | 9014 ||| Stepping ~*~*~tactically~*~*~ (stealth).
  9016 | Lair:2   | 9016 ||| INVOKING Heroism.
  9022 | Lair:2   | Killed a death yak
  9022 | Lair:2   | Reached **** piety under Okawaru
  9028 | Lair:2   | Killed a death yak
  9033 | Lair:2   | Killed a death yak
  9071 | Lair:2   | 9071 ||| Stepping ~*~*~tactically~*~*~ (stealth).
  9072 | Lair:2   | 9072 ||| Stepping ~*~*~tactically~*~*~ (stealth).
  9073 | Lair:2   | 9073 ||| Stepping ~*~*~tactically~*~*~ (stealth).
  9074 | Lair:2   | 9074 ||| Stepping ~*~*~tactically~*~*~ (stealth).
  9075 | Lair:2   | 9075 ||| Stepping ~*~*~tactically~*~*~ (stealth).
  9088 | Lair:2   | 9088 ||| Stepping ~*~*~tactically~*~*~ (stealth).
  9249 | Lair:2   | 9249 ||| INVOKING Heroism.
  9356 | Lair:2   | 9356 ||| Stepping ~*~*~tactically~*~*~ (hiding).
  9365 | Lair:2   | Reached XP level 12. HP: 74/75 MP: 16/16
  9384 | Lair:2   | Reached skill level 9 in Fighting
  9385 | Lair:2   | Reached skill level 6 in Invocations
  9389 | Lair:2   | 9389 ||| INVOKING Heroism.
  9391 | Lair:2   | HP: 15/76 [elephant (7)]
  9392 | Lair:2   | 9392 ||| READING 6 scrolls of teleportation.
  9393 | Lair:2   | 9393 ||| DRINKING potion of heal wounds.
  9399 | Lair:2   | 9399 ||| RIP GAUNTLET
  9410 | Lair:2   | 9410 ||| PLANNING LAIR
  9530 | Lair:2   | 9530 ||| Stepping ~*~*~tactically~*~*~ (stealth).
  9532 | Lair:2   | 9532 ||| Stepping ~*~*~tactically~*~*~ (stealth).
  9540 | Lair:2   | Reached ***** piety under Okawaru
  9548 | Lair:2   | Reached skill level 9 in Armour
  9549 | Lair:2   | 9549 ||| READING 4 scrolls of identify.
  9549 | Lair:2   | 9549 ||| IDENTIFYING sedimented green potion
  9553 | Lair:2   | 9553 ||| INVOKING Heroism.
  9562 | Lair:2   | Received a gift from Okawaru
  9713 | Lair:2   | Found a staircase to the Shoals.
  9744 | Lair:2   | 9744 ||| READING scroll of enchant weapon.
  9744 | Lair:2   | 9744 ||| ENCHANTING +4 spectral war axe.
 10080 | Lair:3   | Reached skill level 3 in Throwing
 10233 | Lair:3   | Noticed Kirke
 10234 | Lair:3   | 10234 ||| Stepping ~*~*~tactically~*~*~ (stealth).
 10238 | Lair:3   | Received a gift from Okawaru
 10245 | Lair:3   | 10245 ||| INVOKING Heroism.
 10395 | Lair:3   | 10395 ||| INVOKING Heroism.
 10396 | Lair:3   | 10396 ||| INVOKING Finesse.
 10407 | Lair:3   | Killed Kirke
 10407 | Lair:3   | Received a gift from Okawaru
 10555 | Lair:3   | 10555 ||| Stepping ~*~*~tactically~*~*~ (stealth).
 10558 | Lair:3   | 10558 ||| INVOKING Heroism.
 10564 | Lair:3   | Reached skill level 9 in Invocations
 10569 | Lair:3   | 10569 ||| Stepping ~*~*~tactically~*~*~ (stealth).
 10570 | Lair:3   | 10570 ||| Stepping ~*~*~tactically~*~*~ (stealth).
 10573 | Lair:3   | 10573 ||| Stepping ~*~*~tactically~*~*~ (stealth).
 10584 | Lair:3   | 10584 ||| INVOKING Heroism.
 10641 | Lair:3   | 10641 ||| Stepping ~*~*~tactically~*~*~ (hiding).
 10644 | Lair:3   | 10644 ||| Stepping ~*~*~tactically~*~*~ (stealth).
 10658 | Lair:3   | 10658 ||| INVOKING Heroism.
 10759 | Lair:3   | Found a staircase to the Snake Pit.
 11088 | Lair:3   | 11088 ||| Stepping ~*~*~tactically~*~*~ (stealth).
 11094 | Lair:3   | Reached skill level 12 in Axes
 11307 | Lair:3   | 11307 ||| DROPPING scarf of invisibility.
 11365 | Lair:4   | Reached XP level 13. HP: 59/80 MP: 20/20
 11554 | Lair:4   | 11554 ||| INVOKING Heroism.
 11615 | Lair:4   | Received a gift from Okawaru
 11726 | Lair:4   | 11726 ||| INVOKING Heroism.
 11736 | Lair:4   | HP: 14/80 [meliai/+0 hand axe (8)]
 11737 | Lair:4   | 11737 ||| READING 5 scrolls of teleportation.
 11737 | Lair:4   | Killed from afar by a meliai

Levels and vault maps discovered:
D:1:      mainiacjoe_arrival_reflecting_pool, layout_loops_ring
D:2:      layout_loops_ring, serial_shops, nicolae_lakefront_shop, uniq_robin
D:3:      layout_loops_ring, serial_shops, shop, grunt_decor_one_mirror,
          uniq_natasha
D:4:      layout_cave_pools, old_standard_altar, nicolae_shop_firing_range
D:5:      nicolae_cairo_tiling, layout_loops_ring, corexii_corridor_pit,
          grunt_tough_drop
D:6:      layout_loops_ring, gammafunk_temple_overflow_statue, elyvilon_altar_5,
          grunt_temple_overflow_open, minmay_temple_entry_gardened_gates,
          uniq_edmund, uniq_menkaure, uniq_crazy_yiuf_cottage
D:7:      layout_basic, ebering_ghost_reflecting_pool
D:8:      layout_basic, nicolae_shop_clearance
D:9:      layout_rooms, erik_lair_dragon
Temple:   grunt_temple_mini_profane
Lair:1:   layout_gridlike, minivault_26, grunt_megastairs_2
Lair:2:   layout_chaotic_city, minmay_shoals_entry_centaurs,
          gauntlet_entry_generic, st_stairs_8, lemuel_centaur_altar
Lair:3:   layout_cave_pods, nicolae_snake_entry_squirm, grunt_megastairs_1,
          infiniplex_staircase_pool_2, uniq_kirke
Lair:4:   layout_hall_layers, dpeg_slime_entry_corner, special_room
          [special_room_bee]

Skill      XL: |  1  2  3  4  5  6  7  8  9 10 11 12 13 |
---------------+----------------------------------------+-----
Axes           | 2 3 4 5 6 7 8 10 11 12 | 12.0
Throwing       | 1 2 3 4 |  4.0
Shields        | 5 6 7 8 9 10 | 10.6
Fighting       | 4 5 6 7 8 9 |  9.6
Dodging        | 1 2 |  2.0
Armour         | 5 7 8 9 |  9.0
Invocations    | 3 4 5 9 10 | 10.0

Action                     |  1- 3 |  4- 6 |  7- 9 | 10-12 | 13-15 || total
---------------------------+-------+-------+-------+-------+-------++-------
  Melee: War axe           |   115 |    92 |   222 |   275 |    36 ||   740
         Morningstar       |       |       |       |    10 |       ||    10
  Throw: Javelin           |       |    35 |    33 |    19 |    11 ||    98
 Invoke: Heroism           |       |       |       |    23 |     2 ||    25
         Finesse           |       |       |       |     1 |       ||     1
    Use: Scroll            |     2 |     4 |    11 |     8 |     1 ||    26
         Potion            |     1 |     2 |     1 |     2 |       ||     6
   Stab: Distracted        |       |       |     1 |     7 |     2 ||    10
 Armour: Scale mail        |    66 |    44 |     3 |       |       ||   113
         Chain mail        |       |       |    31 |       |       ||    31
         Plate armour      |       |       |    74 |   180 |    25 ||   279
  Dodge: Dodged            |    55 |    36 |    46 |    59 |    15 ||   211
  Block: Buckler           |    20 |     8 |       |       |       ||    28
         Kite shield       |       |    12 |    92 |   148 |    27 ||   279

Table legend:
 A = Non-vault XP
 B = Vault XP
 C = Vault XP percentage of total XP
 D = Non-vault monster count
 E = Vault monster count
 F = Vault count percentage of total count
                 A         B        C        D         E       F
            +---------+---------+-------+---------+---------+-------
      Total |   26925 |    8877 |  24.8 |     256 |      68 |  21.0
            +---------+---------+-------+---------+---------+-------
        D:1 |      59 |       0 |   0.0 |      35 |       0 |   0.0
        D:2 |      70 |      33 |  32.0 |      19 |      10 |  34.5
        D:3 |     106 |      35 |  24.8 |      13 |       1 |   7.1
        D:4 |     268 |       0 |   0.0 |      25 |       0 |   0.0
        D:5 |     711 |     222 |  23.8 |      21 |       4 |  16.0
        D:6 |    1079 |     329 |  23.4 |      19 |       2 |   9.5
        D:7 |    1437 |       0 |   0.0 |      21 |       0 |   0.0
        D:8 |    1010 |       0 |   0.0 |      13 |       0 |   0.0
        D:9 |    1482 |    1502 |  50.3 |      22 |       6 |  21.4
     Lair:1 |    5264 |     147 |   2.7 |      22 |       1 |   4.3
     Lair:2 |    8378 |    1170 |  12.3 |      20 |       9 |  31.0
     Lair:3 |    4590 |    3827 |  45.5 |      19 |      13 |  40.6
     Lair:4 |    2471 |    1612 |  39.5 |       7 |      22 |  75.9
            +---------+---------+-------+---------+---------+-------
